 Dungeon Crawl Stone Soup version 0.24-a0-525-g9231cdcba1 (webtiles) character file.

Game seed: 17068552362695946715

8888 Mithandil the Blocker (level 11, -8/92 (94) HPs)
             Began as a Hill Orc Fighter on Aug 2, 2019.
             Was an Elder of Trog.
             Mangled by an orc warrior
             ... wielding a +0 short sword
              (11 damage)
             ... on level 1 of the Orcish Mines.
             The game lasted 01:15:42 (12539 turns).

Mithandil the Blocker (Hill Orc Fighter)           Turns: 12539, Time: 01:15:43

HP:   -8/92 (94)    AC: 24    Str: 23    XL:     11   Next: 37%
MP:   14/14         EV:  7    Int:  8    God:    Trog [****..]
Gold: 613           SH: 12    Dex: 10    Spells: 10/10 levels left

rFire    . . .     SeeInvis +   P - +2 double sword (protect)
rCold    . . .     Gourm    .   c - +0 shield
rNeg     . . .     Faith    .   o - +0 plate armour
rPois    .         Spirit   .   p - +0 helmet
rElec    .         Reflect  .   (no cloak)
rCorr    .         Harm     .   w - +2 pair of gloves
MR       .....                  (no boots)
Stlth    ..........             (no amulet)
HPRegen  0.25/turn              N - ring of see invisible
MPRegen  0.14/turn              O - +4 ring of slaying

@: protection aura
A: no striking features
a: Berserk, Trog's Hand, Brothers in Arms, Renounce Religion, Convert to Beogh


You were on level 1 of the Orcish Mines.
You worshipped Trog.
Trog was greatly pleased with you.
You were not hungry.

You visited 3 branches of the dungeon, and saw 14 of its levels.

You collected 613 gold pieces.

Inventory:

Hand Weapons
 a - a +3 flail of protection
 b - a +3 flail of venom
 g - a +2 short sword of venom
 k - a +0 hand axe of chopping
 F - a +5 falchion of electrocution
 G - a +0 shortbow
 L - a +3 trident
 P - a +2 double sword of protection (weapon)
Missiles
 j - 72 poisoned darts
 q - 18 boomerangs (quivered)
 C - 35 bolts
 D - 9 silver javelins
 K - 212 arrows
Armour
 c - a +0 shield (worn)
 o - a +0 plate armour (worn)
 p - a +0 helmet (worn)
 w - a +2 pair of gloves (worn)
 H - a +1 chain mail of fire resistance
Jewellery
 e - a +3 ring of strength
 I - a +4 ring of evasion
 N - a ring of see invisible (left hand)
 O - a +4 ring of slaying (right hand)
Wands
 r - a wand of flame (19)
 u - a wand of digging (5)
 x - a wand of acid (6)
 J - a wand of disintegration (15)
Scrolls
 h - 2 scrolls of remove curse
 l - a scroll of identify
 m - a scroll of silence
 n - 4 scrolls of blinking
 y - a scroll of noise {unknown}
 A - 2 scrolls of magic mapping
 B - 2 scrolls of fear
 E - 4 scrolls of teleportation
Potions
 d - 2 potions of heal wounds {unknown}
 i - a potion of flight
 t - a potion of berserk rage
 v - 4 potions of curing
 z - 2 potions of cancellation
 M - a potion of mutation {unknown}
Comestibles
 f - 20 rations


   Skills:
 + Level 8.0 Fighting
 * Level 0.2 Long Blades
 - Level 7.0(9.0) Axes
 - Level 7.3(8.2) Maces & Flails
 + Level 7.2 Armour
 + Level 4.6 Dodging
 + Level 5.1 Stealth
 * Level 9.8 Shields
 - Level 5.1 Evocations


You had 10 spell levels left.
You didn't know any spells.
Your spell library contained the following spells:

 Spells                   Type           Power        Failure   Level  Hunger
 Beastly Appendage        Tmut           #.....       100%        1    ##.....
 Sticks to Snakes         Tmut           #.......     100%        2    ###....
 Spider Form              Tmut/Pois      #.........   100%        3    ####...
 Ice Form                 Ice/Tmut       #.......     100%        4    #####..
 Blade Hands              Tmut           #.........   100%        5    ######.


Dungeon Overview and Level Annotations

Branches:
Dungeon (11/15)            Temple (1/1) D:6             Orc (2/2) D:10
   Lair: D:8-11         Elf: Orc:2

Altars:
Ashenzari
Cheibriados
Dithmenos
Elyvilon
Fedhas
Gozag
Hepliaklqana
Kikubaaqudgha
Makhleb
Nemelex Xobeh
Okawaru
Qazlal
Ru
Sif Muna
Trog
Uskayaw
Vehumet
Wu Jian
Xom
Yredelemnul
Zin
The Shining One

Shops:
D:11 *(

Annotations:
D:2 exclusion: downstairs
D:4 1 runed translucent door, chipichau's ghost, amateur SpAs


Message History

The orc priest shouts, "Surrender to Beogh and we'll let you live!"
The orc priest is almost dead.
You block the orc warrior's attack.
The orc priest hits you but does no damage.
The troll bites you.
* * * LOW HITPOINT WARNING * * *
The troll claws you.
* * * LOW HITPOINT WARNING * * *
The troll barely misses you. You block the orc priest's attack.
You block the orc warrior's attack.
The orc priest shouts, "Beogh is our master!
Accept the truth or die!"
The orc priest hits you but does no damage.
The troll bites you but does no damage. The troll barely misses you. x2
The orc priest hits you but does no damage.
You slash the troll!
Your weapon exudes an aura of protection.
The troll is heavily wounded.
The orc priest shouts, "Join the one true god or die!"
The orc warrior hits you with a +0 short sword!
You die...

## ## ##.##
##.####...#
#.....o@o.#
##....To.##
##.....##
##.......##
##.........###
..........##.#
.....##.....####
......#.........#
.......#.#......##


You could see a troll, an orc warrior and 2 orc priests.

Vanquished Creatures
  Erolcha (D:9)
  3 two-headed ogres
  Urug (Orc:1)
  A troll (D:9)
  4 yaks (D:10)
  2 hungry ghosts
  A steam dragon (D:8)
  Edmund (D:6)
  2 ice beasts
  2 sky beasts
  3 orc warriors
  A phantom (D:8)
  A black bear (D:9)
  2 necrophages
  4 ogres
  4 centaurs
  A crocodile (D:9)
  3 bullfrogs
  5 scorpions
  8 killer bees
  4 wights (D:6)
  7 howler monkeys
  A crimson imp (D:6)
  5 hounds
  3 jellies
  A bullfrog skeleton (D:6)
  6 orc priests
  3 centaur skeletons
  Ijyb (D:3)
  Terence (D:3)
  An iguana (D:7)
  11 orc wizards
  6 worker ants
  2 hound zombies
  3 worker ant zombies
  10 adders
  3 shadow imps
  An ooze (D:2)
  An adder skeleton (D:4)
  An adder zombie (D:8)
  2 worms
  A dart slug (D:1)
  9 leopard geckos
  54 orcs
  5 giant cockroaches
  16 goblins
  7 hobgoblins
  23 jackals
  6 kobolds
  5 quokkas
  4 ball pythons
  A bat (D:1)
  3 frilled lizards
  A giant cockroach zombie (D:6)
  A jackal skeleton (D:7)
  A leopard gecko zombie (D:5)
  A quokka zombie (D:5)
  17 rats
278 creatures vanquished.

Vanquished Creatures (others)
  A jelly (D:8)
1 creature vanquished.

Grand Total: 279 creatures vanquished

Notes
Turn   | Place    | Note
-------+----------+-------------------------------------------
     0 | D:1      | Mithandil the Hill Orc Fighter began the quest for the Orb.
     0 | D:1      | Reached XP level 1. HP: 19/19 MP: 1/1
   252 | D:1      | Reached XP level 2. HP: 26/27 MP: 2/2
   469 | D:1      | Reached XP level 3. HP: 29/33 MP: 3/3
  1045 | D:2      | Reached XP level 4. HP: 39/40 MP: 4/4
  1065 | D:2      | Reached skill level 4 in Shields
  1397 | D:3      | Noticed a centaur
  1660 | D:2      | Found an iron altar of Okawaru.
  1735 | D:2      | You fall into a shaft and drop 2 floors!
  1736 | D:4      | Found a runed translucent door.
  1736 | D:4      | Noticed chipichau's ghost (amateur SpAs)
  1741 | D:5      | Entered Level 5 of the Dungeon
  1754 | D:4      | Noticed an ogre
  1848 | D:5      | Reached skill level 1 in Stealth
  1872 | D:5      | Noticed a necrophage
  1909 | D:5      | Reached XP level 5. HP: 35/45 MP: 5/5
  1920 | D:5      | Killed a necrophage
  1920 | D:5      | Reached skill level 1 in Dodging
  1920 | D:5      | Reached XP level 6. HP: 35/50 MP: 6/6
  2113 | D:4      | Found a runed translucent door.
  2126 | D:4      | Reached skill level 5 in Axes
  2390 | D:4      | Reached skill level 5 in Shields
  3125 | D:3      | Reached XP level 7. HP: 56/58 MP: 7/7
  3179 | D:3      | Reached skill level 1 in Evocations
  3259 | D:3      | Noticed Terence
  3270 | D:3      | Killed Terence
  3513 | D:3      | Noticed Ijyb
  3535 | D:3      | Killed Ijyb
  3888 | D:4      | Found a bloodstained altar of Trog.
  3896 | D:4      | Became a worshipper of Trog the Wrathful
  4056 | D:4      | Found a hazy altar of Hepliaklqana.
  4471 | D:5      | Reached * piety under Trog
  4471 | D:5      | Reached skill level 5 in Fighting
  4801 | D:5      | Found a burning altar of Makhleb.
  4803 | D:5      | Noticed a green death
  4807 | D:5      | Noticed a hellwing
  4807 | D:5      | Noticed a hellwing
  5032 | D:6      | Reached XP level 8. HP: 60/66 MP: 9/9
  5284 | D:6      | Reached skill level 6 in Shields
  5485 | D:6      | Found a staircase to the Ecumenical Temple.
  5499 | Temple   | Entered the Ecumenical Temple
  5716 | D:6      | Noticed Edmund
  5756 | D:6      | Killed Edmund
  5893 | D:6      | Found a sacrificial altar of Ru.
  5944 | D:6      | Reached skill level 5 in Armour
  6038 | D:6      | Reached skill level 1 in Maces & Flails
  6282 | D:6      | Got a scorched falchion
  6376 | D:6      | Paralysed by a centaur for 3 turns
  6381 | D:6      | Paralysed by a centaur for 7 turns
  6393 | D:6      | Reached XP level 9. HP: 60/73 MP: 11/11
  6541 | D:6      | Reached ** piety under Trog
  7116 | D:7      | Reached skill level 7 in Shields
  7210 | D:7      | Got a bronze leather armour
  7423 | D:7      | Found an ornate altar of the Wu Jian Council.
  7765 | D:8      | Found a shadowy altar of Dithmenos.
  8772 | D:8      | Got a steaming scale mail
  8869 | D:9      | Noticed a troll
  9173 | D:8      | Reached *** piety under Trog
  9477 | D:9      | Noticed Erolcha
  9484 | D:8      | Reached XP level 10. HP: 82/82 MP: 12/12
  9489 | D:8      | Reached skill level 8 in Shields
  9696 | D:9      | Paralysed by Erolcha for 6 turns
  9707 | D:9      | Noticed a two-headed ogre
  9723 | D:8      | Killed a two-headed ogre
  9723 | D:8      | Reached skill level 5 in Maces & Flails
 10057 | D:9      | Killed Erolcha
 10473 | D:10     | Entered Level 10 of the Dungeon
 10785 | D:9      | Found a shattered altar of Ashenzari.
 11069 | D:10     | Noticed a two-headed ogre
 11081 | D:10     | Killed a two-headed ogre
 11081 | D:10     | Reached skill level 9 in Shields
 11249 | D:10     | Noticed a two-headed ogre
 11252 | D:10     | Reached XP level 11. HP: 75/90 MP: 14/14
 11264 | D:10     | Killed a two-headed ogre
 11264 | D:10     | Reached **** piety under Trog
 11264 | D:10     | Reached skill level 5 in Evocations
 11633 | D:11     | Found Cigrib's Assorted Antiques.
 11779 | D:10     | Reached skill level 5 in Stealth
 11904 | D:11     | Found Ciomathist's Antique Weapon Boutique.
 11926 | D:10     | Found a staircase to the Orcish Mines.
 12053 | Orc:1    | Entered Level 1 of the Orcish Mines
 12087 | Orc:1    | Noticed Urug
 12113 | Orc:1    | Killed Urug
 12526 | Orc:2    | Entered Level 2 of the Orcish Mines
 12538 | Orc:1    | HP: 3/92 [troll (2)]
 12539 | Orc:1    | Mangled by an orc warrior

Levels and vault maps discovered:
D:1:      onia_arrival_mini_maze_b, layout_rooms
D:2:      layout_basic, okawaru_trees_2, first_ration, hangedman_decor_push,
          serial_park_tiny_1, grunt_ministairs_14, st_stairs_11,
          minmay_rat_gold_closets
D:3:      layout_loops_cross, uniq_ijyb, uniq_terence
D:4:      layout_loops_ring, kennysheep_mini_moat,
          lemuel_coloured_pillars_altar, ebering_ghost_sewer_f
D:5:      layout_gridville, hex_tiny, makhleb_altar_promises_db
D:6:      layout_loops_corners, minmay_temple_entry_butterflies,
          chequers_serial_rivers_micro_b, nicolae_ru_awakened_eye, uniq_edmund
D:7:      layout_basic, old_standard_altar
D:8:      layout_layer_cave, grunt_dithmenos_smoke_and_mirrors, grunt_ogre_cave
D:9:      layout_loops_ring, ashenzari_conservatory_becter, uniq_erolcha
D:10:     layout_loops_corners, david_orc_2, bh_walls_and_bars, uniq_nergalle
D:11:     layout_cave_pools, erik_lair_orcish_takeover, serial_shops, shop,
          nicolae_shop_statue_plus, nicolae_shop_crystal, shop,
          ploomutoo_gammafunk_ghost_potion_laboratory,
          minmay_mirror_moons_of_madness
Temple:   nicolae_temple_elliptical
Orc:1:    layout_diamond_mine, enter_volcano_2, basic_altar, led_sif_book,
          uniq_urug
Orc:2:    grunt_orc_cross, layout_diamond_mine

Skill      XL: |  1  2  3  4  5  6  7  8  9 10 11 |
---------------+----------------------------------+-----
Axes           | 3 4 5 6 7 |  7.0
Fighting       | 4 5 6 7 8 |  8.0
Shields        | 4 5 6 7 9 |  9.8
Stealth        | 1 2 3 4 5 |  5.1
Armour         | 4 5 6 7 |  7.2
Dodging        | 1 2 3 4 |  4.6
Evocations     | 1 2 3 4 5 |  5.1
Maces & Flails | 2 4 6 7 |  7.3
Long Blades    | |  0.2

Action                   |  1- 3 |  4- 6 |  7- 9 | 10-12 || total
-------------------------+-------+-------+-------+-------++-------
Melee: War axe           |    89 |       |       |       ||    89
       Hand axe          |    24 |   190 |   276 |       ||   490
       Flail             |       |       |   202 |   219 ||   421
       Falchion          |       |       |    48 |       ||    48
       Double sword      |       |       |       |    15 ||    15
Throw: Dart              |       |       |       |     8 ||     8
  Use: Scroll            |       |     1 |    19 |     3 ||    23
       Potion            |       |     1 |     1 |       ||     2
  Eat: Chunk             |       |     8 |    22 |     6 ||    36
       Ration            |       |       |       |     2 ||     2
Armor: Scale mail        |    73 |    50 |     9 |       ||   132
       Plate armour      |       |       |   257 |   104 ||   361
       Chain mail        |       |       |     3 |       ||     3
Dodge: Dodged            |    55 |    54 |   218 |    85 ||   412
Block: Shield            |    66 |    91 |   305 |   155 ||   617
       Rpst.: Falchion   |       |       |     9 |       ||     9
       Double sword      |       |       |       |     1 ||     1

Table legend:
 A = Non-vault XP
 B = Vault XP
 C = Vault XP percentage of total XP
 D = Non-vault monster count
 E = Vault monster count
 F = Vault count percentage of total count
                 A         B        C        D         E       F
            +---------+---------+-------+---------+---------+-------
      Total |   10439 |    2259 |  17.8 |     250 |      28 |  10.1
            +---------+---------+-------+---------+---------+-------
        D:1 |      59 |       0 |   0.0 |      32 |       0 |   0.0
        D:2 |      67 |      31 |  31.6 |      17 |      13 |  43.3
        D:3 |     181 |      74 |  29.0 |      25 |       2 |   7.4
        D:4 |     196 |      11 |   5.3 |       7 |       3 |  30.0
        D:5 |     549 |       0 |   0.0 |      29 |       0 |   0.0
        D:6 |    1303 |     166 |  11.3 |      40 |       1 |   2.4
        D:7 |     486 |       0 |   0.0 |      19 |       0 |   0.0
        D:8 |    2273 |     118 |   4.9 |      28 |       1 |   3.4
        D:9 |    1554 |    1010 |  39.4 |      26 |       1 |   3.7
       D:10 |    3483 |      18 |   0.5 |      20 |       6 |  23.1
      Orc:1 |     245 |     831 |  77.2 |       6 |       1 |  14.3
      Orc:2 |      43 |       0 |   0.0 |       1 |       0 |   0.0
            +---------+---------+-------+---------+---------+-------
